 Dungeon Crawl Stone Soup version 0.30.1-4-g462c640d31 (webtiles) character file.

Game seed: 8613436947430008010

1090 booth the Chopper (level 8, -1/54 HPs)
             Began as a Demonspawn Gladiator on Aug 14, 2023.
             Was a Follower of Hepliaklqana.
             Slain by Menkaure (7 damage)
             ... on level 6 of the Dungeon.
             The game lasted 00:25:39 (4537 turns).

booth the Chopper (Demonspawn Gladiator)            Turns: 4537, Time: 00:25:40

Health: -1/54      AC: 12    Str: 16    XL:     8   Next: 9%
Magic:  12/12      EV: 12    Int:  9    God:    Hepliaklqana [*.....]
Gold:   176        SH:  0    Dex: 16    Spells: 12/12 levels left

rFire   + . .        a - +2 war axe
rCold   + . .        (no shield)
rNeg    . . .        j - +1 ring mail
rPois   .            c - +0 helmet
rElec   .            k - scarf {rC+ rF+}
rCorr   .            u - +0 pair of gloves
SInv    .            n - +0 pair of boots
Will    .....        (no amulet)
Stlth   +            h - ring of flight
HPRegen 0.29/turn    (no ring)
MPRegen 0.13/turn

%: no passive effects
@: mighty, flying
A: reduced essence, yellow scales 2, ignite blood 2, weakness stinger 1,
screaming 1, no potion heal 1
a: Renounce Religion, Recall Ancestor, Ancestor Identity


You were on level 6 of the Dungeon.
You worshipped Hepliaklqana.
Hepliaklqana was aware of your devotion.
You visited 1 branch of the dungeon, and saw 6 of its levels.

You collected 176 gold pieces.

Inventory:

Hand Weapons
 a - a +2 war axe (weapon)
 m - the +2 whip "Qatuc Fac" {chaos, Fly rElec Dex+4}
   (You found it on level 2 of the Dungeon)

   Dex:       It affects your dexterity (+4).
   rElec:     It insulates you from electricity.
   Fly:       It grants you flight.
Missiles
 d - 5 throwing nets
 e - 2 boomerangs (quivered)
 g - a javelin
 o - a poisoned dart
Armour
 b - a +0 leather armour
 c - a +0 helmet (worn)
 j - a +1 ring mail (worn)
 k - a scarf of resistance (worn)
 n - a +0 pair of boots (worn)
 u - a +0 pair of gloves (worn)
Jewellery
 h - a ring of flight (left hand)
Wands
 s - a wand of digging (4)
Scrolls
 f - 3 scrolls of blinking
 l - 5 scrolls of teleportation
 q - a scroll of immolation
 t - a scroll of identify
Potions
 r - 2 potions of invisibility


   Skills:
 + Level 4.5 Fighting
 + Level 4.6 Axes
 + Level 4.1 Throwing
 + Level 4.5 Dodging
 + Level 2.9 Spellcasting
 + Level 2.3 Air Magic


You had 12 spell levels left.
You didn't know any spells.
Your spell library contained the following spells:

 Spells                   Type           Power      Damage    Failure   Level
 Magic Dart               Conj           4%         1d3       52%         1
 Call Imp                 Summ           2%         N/A       65%         2
 Vhi's Electric Charge    Tloc/Air       6%         N/A       73%         3
 Mephitic Cloud           Conj/Pois/Air  2%         N/A       77%         3
 Arcjolt                  Conj/Air       1%         1d11      100%        5
 Blade Hands              Tmut           0%         N/A       100%        5
 Irradiate                Conj/Tmut      0%         3d11      100%        5
 Plasma Beam              Fire/Air       1%         2x1d12    100%        6
 Dragon Form              Tmut           0%         N/A       100%        7


Dungeon Overview and Level Annotations

Branches:
Dungeon (6/15)             Temple (0/1) D:6

Altars:
Hepliaklqana

Shops:
D:4 [

Annotations:
D:6 Menkaure


Innate Abilities, Weirdness & Mutations

Your life essence is reduced to manifest your ancestor. (-10% HP)
You are mostly covered in yellow scales. (AC +3)
Your demonic aura often causes spilled blood to erupt in flames.
You have a small tail.
You occasionally shout uncontrollably at your foes.
Potions are less effective at restoring your health.


Message History

You hit the ice beast but do no damage.
The ice beast is severely wounded.
You hit the plant. You slash the plant! You hit the bush but do no damage.
The ice beast hits you.
* * * LOW HITPOINT WARNING * * *
The ice beast freezes you. You resist.
* * * LOW HITPOINT WARNING * * *
Publia hits the bush but does no damage.
The ice beast barely misses you.
Your system partially rejects the healing.
You feel much better.
Publia hits the bush.
The ice beast hits you. The ice beast freezes you. You resist.
You hit the ice beast but do no damage. You tail-slap the ice beast.
The ice beast is almost dead.
You hit the plant. x2; You hit the bush but do no damage.
A nearby plant withers and dies. x2; Publia hits the bush.
The ice beast hits you. The ice beast freezes you. You resist.
* * * LOW HITPOINT WARNING * * *
Menkaure casts a spell.
Menkaure seems to speed up.
You slash the ice beast!
You kill the ice beast!
You hit the bush but do no damage.
Publia hits the bush but does no damage. x2
You swap places.
Publia hits the bush but does no damage.
You feel very mighty all of a sudden. Menkaure hits you.
* * * LOW HITPOINT WARNING * * *
Menkaure calls on the powers of darkness!
Your body is wracked with pain!
* * * LOW HITPOINT WARNING * * *
Publia hits the bush but does no damage.
You closely miss Menkaure. You hit the bush but do no damage.
Menkaure barely misses you.
Publia hits the bush but does no damage.
You slash Menkaure!
Menkaure is heavily damaged.
You hit the bush but do no damage. Menkaure hits you!
You die...

[#####..##.###.#
##...#.# #.#
#......###.##
##...#......#
#..######..#
##..# #..#
#...######..#
#...........#
#...P@.####.#
#..>RM## #.#
#..P....# #..
#..P..PP...# #.#
+.........## #<.
#..........# ##.
##.......##.#
##.....## ..#
##...## #.


You could see the friendly Publia the ancestor and Menkaure (fast).

Vanquished Creatures
  An ice beast (D:6)
  2 ogres (D:5)
  A centaur (D:6)
  A phantom (D:5)
  A gnoll sergeant (D:4)
  A scorpion (D:5)
  A howler monkey (D:5)
  An orc priest (D:4)
  Jessica (D:2)
  Crazy Yiuf (D:2)
  A sleepcap (D:4)
  Natasha (thrice) (D:2)
  2 iguanas
  An orc wizard (D:4)
  13 gnolls
  8 adders
  A worm (D:5)
  4 dart slugs
  9 orcs
  3 endoplasms
  3 giant cockroaches
  2 hobgoblins
  4 jackals (D:2)
  8 kobolds
  5 quokkas
  6 ball pythons
  6 bats
  4 frilled lizards
  10 goblins
  4 rats
  A spectral kobold (D:3)
109 creatures vanquished.

Vanquished Creatures (collateral kills)
  An adder (D:5)
1 creature vanquished.

Grand Total: 110 creatures vanquished

Notes
Turn   | Place    | Note
-------+----------+-------------------------------------------
     0 | D:1      | booth the Demonspawn Gladiator began the quest for the Orb.
     0 | D:1      | Reached XP level 1. HP: 16/16 MP: 1/1
   282 | D:1      | Gained mutation: You have a small tail. [demonic ancestry]
   282 | D:1      | Reached XP level 2. HP: 16/22 MP: 2/2
   790 | D:2      | Gained mutation: You are partially covered in yellow
                  | scales. (AC +2) [demonic ancestry]
   790 | D:2      | Reached XP level 3. HP: 24/28 MP: 3/3
   849 | D:2      | Identified the +2 whip "Qatuc Fac" {chaos, Fly rElec Dex+4}
   861 | D:2      | Noticed Jessica
   874 | D:2      | Killed Jessica
   885 | D:2      | Gained mutation: You are mostly covered in yellow scales.
                  | (AC +3) [demonic ancestry]
   885 | D:2      | Reached XP level 4. HP: 34/34 MP: 4/4
  1062 | D:2      | Noticed Natasha
  1074 | D:2      | Killed Natasha
  1102 | D:2      | Reached XP level 5. HP: 37/41 MP: 4/6
  1135 | D:2      | Noticed Natasha
  1148 | D:2      | Killed Natasha
  1154 | D:2      | Reached skill level 1 in Spellcasting
  1201 | D:2      | Found a faded altar of an unknown god.
  1386 | D:2      | Noticed Natasha
  1395 | D:2      | Killed Natasha
  1601 | D:2      | Found a runed translucent door.
  1602 | D:2      | Noticed Crazy Yiuf
  1821 | D:2      | Killed Crazy Yiuf
  1871 | D:2      | Gained mutation: Potions are less effective at restoring
                  | your health. [potion of mutation]
  1871 | D:2      | Gained mutation: You occasionally shout uncontrollably at
                  | your foes. [potion of mutation]
  2165 | D:3      | Found a hazy altar of Hepliaklqana.
  2170 | D:3      | Gained mutation: Your demonic aura sometimes causes spilled
                  | blood to erupt in flames. [demonic ancestry]
  2170 | D:3      | Reached XP level 6. HP: 47/47 MP: 8/8
  2176 | D:3      | Became a worshipper of Hepliaklqana the Forgotten
  2515 | D:4      | Found Zonig's Armour Emporium.
  2920 | D:4      | Reached skill level 1 in Air Magic
  2956 | D:5      | Entered Level 5 of the Dungeon
  3657 | D:5      | Reached XP level 7. HP: 53/53 MP: 10/10
  4140 | D:5      | Reached * piety under Hepliaklqana
  4502 | D:6      | Gained mutation: Your demonic aura often causes spilled
                  | blood to erupt in flames. [demonic ancestry]
  4502 | D:6      | Reached XP level 8. HP: 54/54 MP: 12/12
  4513 | D:6      | Found a staircase to the Ecumenical Temple.
  4526 | D:6      | Noticed Menkaure
  4537 | D:6      | Slain by Menkaure

Illustrated notes

Levels and vault maps discovered:
D:1:      ebering_trefoil_twist, layout_loops_ring
D:2:      layout_loops_ring, hellmonk_ecumenical_altar_dog_temple,
          minmay_heptomino_l4, uniq_crazy_yiuf_cottage, uniq_jessica,
          uniq_natasha
D:3:      layout_rooms, nicolae_hepliaklqana_monster_ancestors
D:4:      layout_loops_ring, serial_shops, nicolae_shop_tiny_waterfront
D:5:      layout_basic
D:6:      layout_loops_corners, minmay_temple_entry_overgrown, uniq_menkaure

Skill      XL: |  1  2  3  4  5  6  7 |
---------------+----------------------+-----
Throwing       | 2 3 4 |  4.1
Axes           | 3 4 |  4.6
Dodging        | 3 4 |  4.5
Fighting       | 3 4 |  4.5
Spellcasting   | 1 2 |  2.9
Air Magic      | 1 2 |  2.3

Action                     |  1- 3 |  4- 6 |  7- 9 || total
---------------------------+-------+-------+-------++-------
  Melee: War axe           |    61 |   167 |    66 ||   294
         Tailslap          |     4 |    35 |    12 ||    51
         Whip              |     5 |    44 |       ||    49
         Punch             |       |     3 |     1 ||     4
  Throw: Javelin           |       |     1 |       ||     1
         Boomerang         |       |       |     4 ||     4
         Dart              |       |       |     2 ||     2
 Invoke: Ancestor Identity |       |       |     1 ||     1
    Use: Scroll            |     4 |     8 |     2 ||    14
         Potion            |     1 |     6 |     2 ||     9
 Armour: Leather armour    |    22 |    64 |       ||    86
         Ring mail         |       |    10 |    22 ||    32
  Dodge: Dodged            |    43 |   142 |    37 ||   222
